Cogmind - Beta 16 @@@ ROGUE MODE // 2026.01.18 @ 23:02:15 Player: MrProgressor Result: Destroyed by Y-72 Warden with Quantum Rifle Performance ------------- Evolutions (7) 3500 Regions Visited (19) 3800 Robots Destroyed (224) 1120 Value Destroyed (11045) 11045 Prototype IDs (50) 1000 Alien Tech Used (0) 0 Bonus (4707) 4707 TOTAL SCORE: 25172 Bonus ------- High Alert Combat Kills 1114 Follower Combat Kills 1193 Entered Garrisons 600 Used RIF Installer 1000 Entered DSFs 500 Aligned with FarCom 300 Cogmind --------- Core Integrity 0/1300 Matter 255/300 Energy 93/100 System Corruption 30% Temperature Cool (9) Movement Core (50) Location -3/Garrison Parts ------- > --- POWER (2) -------- (None) > --- PROPULSION (6) --- Antigrav Array > --- UTILITY (10) ----- Improved Trap Scanner Advanced Melee Analysis Suite Advanced Target Analyzer > --- WEAPON (3) ------- (None) > --- INVENTORY (5) ---- Improved Remote Datajack Peak State ------------ > --- POWER ------------ Light Fission Core Light Antimatter Reactor > --- PROPULSION ------- Improved Heavy Siege Treads Improved Heavy Siege Treads Improved Heavy Siege Treads > --- UTILITY ---------- Advanced Heat Sink Advanced Heat Sink High-capacity Storage Unit Advanced Melee Analysis Suite Advanced Target Analyzer Core Analyzer Advanced Powered Armor Advanced Powered Armor Improved Focal Shield Improved Thermal Shield > --- WEAPON ----------- Phase Gun Heavy Plasma Cannon Heavy Phase Cannon > --- INVENTORY -------- Neutrino Core Improved Heavy Siege Treads Improved Heavy Siege Treads Energy Well Compact Matter Pod Improved Trap Scanner Improved Melee Analysis Suite Matter Filter Microactuators Active Sensor Spoofer EM Shield Relay Coupler [NC] Tesla Rifle Linear Accelerator Improved Remote Datajack Greatsword [Rating: 143] Favorites ----------- Power Light Angular Momentum Engine Engine Light Angular Momentum Engine Power Core Light Nuclear Core Reactor Light Antimatter Reactor Propulsion Carbon-fiber Leg Treads Light Treads Leg Carbon-fiber Leg Wheel Compact Wheel Hover Unit Improved Hover Unit Flight Unit Improved Flight Unit Utility Hacking Suite Device Improved Trap Scanner Storage High-capacity Storage Unit Processor Advanced Targeting Computer Hackware Hacking Suite Protection Improved Medium Armor Plating Weapon Pulse Rifle Energy Gun Pulse Rifle Energy Cannon Heavy Plasma Cannon Ballistic Gun Assault Rifle Ballistic Cannon Heavy Mass Driver Launcher Grenade Launcher Special Weapon Remote Datajack Slashing Weapon Ripper Special Melee Weapon Improved Datajack Build | -11 -10 -10 -9 -9 -9 -8 -8 -7 -7 -7 -7 -6 -6 -6 -5 -4 -4 -3 -3 ------- Run | Yrd Mat Min Mat Min Exi Min Mat Fac Gar Fac Gar Fac Was Fac Fac Fac DSF Res Gar Slots Evolved 14 | . . . 2 . . . 2 2 . . . 2 . . 2 2 . 2 . Power 1 | . . . . . . . . . . . . . . . 1 . . . . Propulsion 4 | . . . . . . . 1 1 . . . . . . 1 1 . . . Utility 8 | . . . 2 . . . 1 1 . . . 2 . . . . . 2 . Weapon 1 | . . . . . . . . . . . . . . . . 1 . . . Parts Attached 252 | 4 9 . 17 5 6 . 19 6 19 12 26 6 . 54 36 7 8 18 . Power 36 | . 2 . 3 . 1 . 3 1 3 3 2 . . 7 4 2 1 4 . Engine 22 | . 2 . 2 . 1 . 3 . 1 2 1 . . 7 3 . . . . Core 11 | . . . 1 . . . . 1 2 1 1 . . . 1 2 1 1 . Reactor 3 | . . . . . . . . . . . . . . . . . . 3 . Propulsion 77 | 2 2 . 5 2 2 . 1 2 9 4 10 1 . 16 11 4 3 3 . Treads 23 | 2 1 . 2 . . . . 2 . . 3 1 . 4 . 3 3 2 . Leg 44 | . . . . . . . . . 9 4 7 . . 12 11 1 . . . Wheel 5 | . 1 . 2 2 . . . . . . . . . . . . . . . Hover 4 | . . . . . 2 . 1 . . . . . . . . . . 1 . Flight 1 | . . . 1 . . . . . . . . . . . . . . . . Utility 86 | 1 1 . 6 2 3 . 8 2 2 4 7 5 . 23 12 1 3 6 . Device 45 | 1 . . 4 2 1 . 2 . 2 3 2 2 . 13 9 . 2 2 . Storage 6 | . 1 . . . 2 . 1 1 . . . . . . . 1 . . . Processor 12 | . . . 2 . . . 2 . . . 1 2 . 2 2 . . 1 . Hackware 17 | . . . . . . . 3 1 . 1 3 1 . 5 1 . . 2 . Protection 6 | . . . . . . . . . . . 1 . . 3 . . 1 1 . Artifact . | . . . . . . . . . . . . . . . . . . . . Weapon 53 | 1 4 . 3 1 . . 7 1 5 1 7 . . 8 9 . 1 5 . Energy Gun 18 | 1 1 . 1 1 . . 2 1 2 . 1 . . 2 4 . . 2 . Energy Cannon 8 | . . . . . . . 1 . . . . . . 3 3 . 1 . . Ballistic Gun 11 | . 2 . 1 . . . 1 . 1 . 4 . . . 1 . . 1 . Ballistic Cannon 8 | . . . 1 . . . 1 . 1 . 2 . . 2 . . . 1 . Launcher 3 | . 1 . . . . . 2 . . . . . . . . . . . . Special Weapon 2 | . . . . . . . . . . 1 . . . . 1 . . . . Impact Weapon . | . . . . . . . . . . . . . . . . . . . . Slashing Weapon 2 | . . . . . . . . . . . . . . 1 . . . 1 . Piercing Weapon . | . . . . . . . . . . . . . . . . . . . . Special Melee Weapon 1 | . . . . . . . . . 1 . . . . . . . . . . Unidentified Prototypes 10 | . . . 2 . . . 2 . . 2 . . . 2 1 . . 1 . Parts Lost 97 | . . . 4 7 . . . . 8 . 10 . 1 22 17 . 2 24 2 Power 13 | . . . 1 . . . . . 2 . 1 . 1 4 1 . . 3 . Propulsion 28 | . . . 1 2 . . . . 3 . 4 . . 6 7 . . 5 . Utility 40 | . . . 1 3 . . . . 1 . 3 . . 11 8 . 1 10 2 Weapon 16 | . . . 1 2 . . . . 2 . 2 . . 1 1 . 1 6 . Highest Loss Streak 22 | . . . 3 7 . . . . 3 . 3 . 1 5 8 . 2 22 1 To Critical Strikes . | . . . . . . . . . . . . . . . . . . . . Average Backups 15 | 4 8 9 9 9 5 6 9 15 18 17 17 18 19 18 18 17 16 16 1 Power 1 | 1 1 . 1 1 . . 1 1 2 1 1 1 1 . . 1 1 1 . Propulsion 1 | 2 3 3 2 2 . . . . 2 . . 2 2 . . 1 2 1 . Utility 8 | . 1 2 2 2 4 5 5 8 9 11 11 11 11 12 11 9 8 9 . Weapon 3 | 1 2 3 2 2 1 1 3 3 2 2 1 2 3 3 5 4 3 3 . Tool/Special . | . . . . . . . . . . . . . . . . . . . . Unused Backups 76 | 7 4 2 3 3 2 . 7 3 7 6 7 1 . 7 2 3 5 7 . Power 11 | 1 1 1 2 . . . 1 2 . . 2 . . . . 1 . . . Propulsion 13 | 4 . . . . . . . . 2 1 1 1 . 2 . . 2 . . Utility 34 | 1 1 1 1 1 2 . 5 1 1 5 3 . . 3 2 2 1 4 . Weapon 16 | 1 2 . . 1 . . 1 . 4 . . . . 2 . . 2 3 . Tool/Special 2 | . . . . 1 . . . . . . 1 . . . . . . . . Average Slot Usage (%) 89 | . 99 100 98 84 46 55 95 95 97 91 86 82 80 90 91 83 82 78 25 Engine 5 | . 14 14 9 9 5 11 9 4 . 1 2 6 3 5 4 . . . . Core 2 | . . . 1 . . . . 2 6 5 4 . . . 2 9 10 5 . Treads 8 | . 26 28 11 . . . . 5 5 . 8 20 17 7 . 11 15 13 . Leg 10 | . . . . . . . . . 22 29 15 . . 12 25 6 . . . Hover 2 | . . . . . 21 22 26 21 . . . . . . . . . . 4 Device 10 | . 13 14 22 18 6 11 9 . 6 6 8 5 6 8 13 17 22 22 8 Storage 7 | . 14 14 11 9 9 11 9 7 7 7 7 6 6 6 5 5 5 3 . Processor 11 | . . . 10 8 . . 7 7 7 7 9 20 26 23 12 15 10 9 9 Hackware 10 | . . . . . . . 16 29 23 23 17 8 6 9 7 . . . 2 Protection 1 | . . . . . . . . . . . 1 6 6 2 3 2 1 3 . Energy Gun 5 | . 6 14 9 11 3 . 12 13 11 . . . . 1 1 7 5 3 . Energy Cannon 1 | . . . . . . . . . . . . . . 4 1 2 8 7 . Ballistic Gun 1 | . 15 2 9 9 . . 1 . . . 1 . . . . . . . . Ballistic Cannon 1 | . . . 1 . . . . . 1 6 4 6 6 2 . . . . . Launcher 1 | . 5 11 1 . . . 2 1 . . . . . . . . . . . Peak Build Rating 143 | 7 9 9 21 19 16 11 33 44 49 60 59 70 70 75 84 118 126 143 45 Average Rating 52 | 6 8 9 17 16 9 11 28 39 40 52 53 63 65 64 68 108 120 125 39 On Entrance 42 | 6 7 9 9 18 4 11 11 33 44 49 55 57 70 60 53 77 118 125 41 Avg Prop Armor Cover (%) 10 | . 5 . 10 . . . 19 11 10 . 8 . . 8 . . . 21 23 Naked Turns . | . . . . . . . . . . . . . . . . . . . . Heaviest Build 116 | 13 21 22 28 28 20 20 32 51 66 72 77 80 81 84 76 95 116 115 5 Greatest Support 225 | 40 40 40 40 32 14 14 31 48 58 78 115 125 125 145 88 210 225 225 26 Greatest Overweight (x) 17 | . 1 . 1 1 1 1 2 1 2 1 2 . . 2 17 1 . 2 1 Average Overweight (x) . | . . . . . . 1 . 1 . . . . . . . . . . . Largest Inventory Capacity 20 | 8 10 10 10 10 10 10 15 20 20 20 20 20 20 20 20 20 20 20 5 Average Capacity 17 | 8 8 10 10 9 9 10 10 16 20 20 20 20 20 20 20 20 20 19 5 Most Carried 20 | 7 10 10 10 10 10 8 14 20 20 20 20 20 20 20 20 20 20 20 1 Average Carried 16 | 4 8 9 9 9 7 8 9 15 19 19 18 19 20 19 19 19 19 18 1 Final Capacity 20 | 8 10 10 10 5 10 10 15 20 20 20 20 20 20 20 20 20 20 5 5 Final Carried 20 | 7 10 10 10 5 8 8 14 20 20 20 20 20 20 20 20 20 20 2 1 Class Distribution -------------------- 33% | Hacker-Mutant 21% | Mutant 13% | Scavenger-Mutant 10% | Bothacker-Mutant 6% | Scavenger-Skirmisher 5% | Tank Dominant Class ---------------- Mutant | -10/Materials Mutant | -10/Mines Mutant | -9/Materials Mutant | -9/Mines Mutant | -9/Exiles Mutant | -8/Mines Hacker-Mutant | -8/Materials Hacker-Mutant | -7/Factory Hacker-Mutant | -7/Garrison Hacker-Mutant | -7/Factory Hacker-Mutant | -7/Garrison Scavenger-Skirmisher | -6/Factory Scavenger-Skirmisher | -6/Waste Bothacker-Mutant | -6/Factory Scavenger-Mutant | -5/Factory Scavenger-Gunner | -4/Factory Tank | -4/DSF Tank | -3/Research Mutant | -3/Garrison Resources | -11 -10 -10 -9 -9 -9 -8 -8 -7 -7 -7 -7 -6 -6 -6 -5 -4 -4 -3 -3 ----------- Run | Yrd Mat Min Mat Min Exi Min Mat Fac Gar Fac Gar Fac Was Fac Fac Fac DSF Res Gar Matter Collected 7638 | 242 233 81 507 72 46 . 406 99 421 447 2035 131 . 1727 515 . 360 316 . Remotely . | . . . . . . . . . . . . . . . . . . . . Salvage Created 10429 | 35 240 25 706 80 . . 433 34 662 253 1417 86 . 3003 1405 . 583 1467 . Parts 490 | 5 22 6 36 13 . . 33 4 18 13 51 2 . 130 65 . 31 61 . Haulers Intercepted 15 | . 1 . 5 . . . 4 1 . 1 . . . 2 . . . 1 . Recyclers Shooed 12 | . 1 . . 1 . . . . . 1 . . . 5 1 . . 3 . Parts Field Recycled . | . . . . . . . . . . . . . . . . . . . . Retrieved Matter . | . . . . . . . . . . . . . . . . . . . . Parts Self-Destructed . | . . . . . . . . . . . . . . . . . . . . Prevented . | . . . . . . . . . . . . . . . . . . . . Parts Restored . | . . . . . . . . . . . . . . . . . . . . Kills | -11 -10 -10 -9 -9 -9 -8 -8 -7 -7 -7 -7 -6 -6 -6 -5 -4 -4 -3 -3 ------- Run | Yrd Mat Min Mat Min Exi Min Mat Fac Gar Fac Gar Fac Was Fac Fac Fac DSF Res Gar Combat Hostiles Destroyed 169 | . 7 6 12 3 . . 4 . 20 3 22 2 . 45 18 . 7 20 . Melee 21 | . . . . . . . . . . . . . . 6 15 . . . . Guns 49 | . 4 . 10 3 . . . . 16 . 5 . . 5 2 . 3 1 . Cannons 69 | . . . 1 . . . . . . 3 17 2 . 28 . . 2 16 . AOE 19 | . 3 6 . . . . 4 . 3 . . . . 3 . . . . . Classes Destroyed 19 | 1 4 1 3 . . . 2 . . 2 1 . . 2 . . 1 2 . Worker 4 | . . 1 . . . . . . . 1 . . . 2 . . . . . Builder 5 | . . . . . . . 1 . . . . . . 2 . . . 2 . Tunneler 5 | 2 . . . 2 . . . . . . . . . 1 . . . . . Hauler 15 | . 1 . 5 . . . 4 1 . 1 . . . 2 . . . 1 . Recycler 10 | . . . 1 . . . 2 . . 1 . . . 1 3 . . 2 . Mechanic 1 | . . . . . . . . . . . 1 . . . . . . . . Operator 2 | . . . . . . . 1 . . . . . . 1 . . . . . Watcher 12 | . 2 . . . . . 5 . . . . 1 . 4 . . . . . Swarmer 29 | . 3 6 4 3 . . 4 . . . . . . . . . . 9 . Saboteur 1 | . . . . . . . . . . . . . . 1 . . . . . Grunt 80 | . 4 . 4 . . . . . 20 . 13 2 . 21 9 . 4 3 . Brawler 6 | . . . 1 . . . . . . . . . . 5 . . . . . Duelist 5 | . . . . . . . . . . . . . . 3 2 . . . . Sentry 12 | . . . 3 . . . . . . 1 6 . . 2 . . . . . Hunter 12 | . . . . . . . . . . 1 1 . . 5 2 . 2 1 . Programmer 22 | . . . . . . . . . . 1 3 . . 8 5 . . 5 . Heavy 1 | . . . . . . . . . . . . . . . . . 1 . . Behemoth 1 | . . . . . . . . . . . . . . . . . . 1 . Executioner 1 | . . . . . . . . . . . . . . . . . . 1 . Best Kill Streak 7 | 1 4 4 4 7 . . 4 1 5 2 4 2 . 7 5 . 3 5 . Combat Bots Only 7 | . 3 3 4 7 . . 4 . 5 1 4 2 . 5 3 . 3 4 . Max Kills in Single Turn 4 | 1 2 2 2 1 . . 2 1 1 1 2 1 . 4 1 . 1 2 . Gunslinging 1 | . . . 1 . . . . . . . . . . . . . . . . Exploded 2 | . 2 2 . . . . 2 . 1 . . . . 2 . . . . . Melee 1 | . . . . . . . . . . . . . . 1 1 . . . . Uniques/NPCs Destroyed . | . . . . . . . . . . . . . . . . . . . . Combat | -11 -10 -10 -9 -9 -9 -8 -8 -7 -7 -7 -7 -6 -6 -6 -5 -4 -4 -3 -3 -------- Run | Yrd Mat Min Mat Min Exi Min Mat Fac Gar Fac Gar Fac Was Fac Fac Fac DSF Res Gar Hostile Shots Fired 1835 | . 28 15 59 42 . . 6 . 107 14 270 1 1 431 191 . 61 594 15 Missed 484 | . 5 6 14 6 . . 3 . 31 5 81 1 . 129 62 . 15 125 1 Hits 1351 | . 23 9 45 36 . . 3 . 76 9 189 . 1 302 129 . 46 469 14 Melee 24 | . . . 1 . . . . . . . . . 1 18 4 . . . . Projectile 1327 | . 23 9 44 36 . . 3 . 76 9 189 . . 284 125 . 46 469 14 AOE 18 | . . . . 15 . . . . . . 2 . . . . . . 1 . Critical Strikes 70 | . 1 . 1 1 . . . . 3 . 8 . 1 16 8 . 4 27 . Part Disruptions 8 | . . . . . . . . . . . 1 . . . . . . 7 . Damage Taken 21804 | . 290 142 497 690 . . 36 . 1275 304 2097 20 44 4741 2097 . 1163 8041 367 Core 3390 | . 9 16 58 224 . . 4 . 180 . 275 . . 737 537 . 49 1085 216 Absorbed by Shields 897 | . . . 68 60 . . . . . . 81 . . 442 246 . . . . Reduced by Siege Mode 1663 | . . . . . . . . . . . . . . . . . 210 1453 . Ignored by Resistances 1957 | . . . . . . . . . . . . . . 81 104 . 106 1666 . Regen/Repaired (Parts) 696 | . 124 . . . . . . . . 46 . . . 408 118 . . . . Core Remaining (%) 63 | 100 . 90 . . . 29 99 . . . 35 . . 13 46 . 95 . . Volleys Fired 772 | 5 21 16 51 15 . . 45 3 86 26 181 11 16 175 26 . 26 69 . Largest 3 | 2 2 2 2 2 . . 2 2 2 1 2 1 1 2 2 . 3 3 . Hottest 268 | 60 85 95 86 79 . . 126 126 126 65 93 65 65 180 171 . 245 268 . Shots Fired 1203 | 10 39 18 96 27 . . 80 6 152 26 187 11 16 287 41 . 60 147 . Gun 610 | 10 36 7 86 27 . . 67 6 138 . 81 . . 54 26 . 26 46 . Cannon 532 | . . . 10 . . . 6 . 7 24 105 10 16 214 12 . 34 94 . Launcher 28 | . 3 11 . . . . 7 . 7 . . . . . . . . . . Special 33 | . . . . . . . . . . 2 1 1 . 19 3 . . 7 . Kinetic 408 | 5 23 5 60 14 . . 15 . 13 24 175 10 16 29 7 . . 12 . Thermal 670 | 2 13 2 36 13 . . 58 6 132 . 11 . . 239 17 . 18 123 . Explosive 28 | . 3 11 . . . . 7 . 7 . . . . . . . . . . Electromagnetic 64 | 3 . . . . . . . . . . . . . . 14 . 42 5 . Robot Hit Streak 33 | 9 10 . 24 4 . . 11 8 31 6 33 6 6 32 14 . 23 30 . Robot Miss Streak 7 | . 2 6 2 1 . . 2 . 3 2 5 1 2 5 7 . 3 3 . Penetration Max 1 | . . . . . . . . . . 1 1 . . . . . . . . Secondary Targets 6 | . . . 1 2 . . . . 3 . . . . . . . . . . Max Gunslinging Chain 1 | . . . 1 1 . . . . 1 . . . . . . . . . . Shots Hit Robots 869 | 9 28 . 76 18 . . 46 6 115 9 118 6 11 197 87 . 48 95 . Core Hits 465 | 3 15 8 22 5 . . 21 2 48 5 143 1 1 93 41 . 16 41 . Critical Kills 8 | . . . . . . . . . . . 1 . . 3 . . . 4 . Critical Parts Destroyed 2 | . . . . . . . . . . . . . . 2 . . . . . Critical Strikes 45 | . . . 4 . . . 3 . 5 . 4 . 1 7 12 . . 9 . Burn 16 | . . . 4 . . . 3 . 5 . . . . . . . . 4 . Meltdown 6 | . . . . . . . . . . . . . . 2 . . . 4 . Destroy 4 | . . . . . . . . . . . 1 . . 3 . . . . . Blast 6 | . . . . . . . . . . . 3 . 1 1 . . . 1 . Sever 13 | . . . . . . . . . . . . . . 1 12 . . . . Melee Attacks 120 | . . . . . . . . . 6 . 7 . . 28 78 . . 1 . Impact . | . . . . . . . . . . . . . . . . . . . . Slashing 107 | . . . . . . . . . . . . . . 28 78 . . 1 . Piercing . | . . . . . . . . . . . . . . . . . . . . Sneak Attacks 16 | . . . . . . . . . 6 . . . . 6 4 . . . . Combat Hostiles 2 | . . . . . . . . . . . . . . 1 1 . . . . Follow-up Attacks . | . . . . . . . . . . . . . . . . . . . . Damage Inflicted 27003 | 91 602 292 1161 304 . . 1134 102 2194 624 4644 431 889 6917 2973 . 1293 3352 . Guns 8627 | 91 368 . 1012 304 . . 789 102 1773 . 1782 . . 713 402 . 460 831 . Cannons 12869 | . . . 149 . . . 86 . . 624 2862 361 889 4485 135 . 833 2445 . Explosions 2058 | . 234 292 . . . . 259 . 421 . . 70 . 782 . . . . . Melee 3302 | . . . . . . . . . . . . . . 818 2436 . . 48 . Ramming 147 | . . . . . . . . . . . . . . 119 . . . 28 . Kinetic 8746 | 43 222 . 695 128 . . 170 . . 624 4514 361 889 539 159 . . 402 . Thermal 12588 | 23 146 . 466 176 . . 705 102 1773 . 130 70 . 5441 205 . 522 2829 . Explosive 1206 | . 234 292 . . . . 259 . 421 . . . . . . . . . . Electromagnetic 1014 | 25 . . . . . . . . . . . . . . 173 . 771 45 . Impact . | . . . . . . . . . . . . . . . . . . . . Slashing 3302 | . . . . . . . . . . . . . . 818 2436 . . 48 . Piercing . | . . . . . . . . . . . . . . . . . . . . Highest Corruption 33 | . . . 3 3 3 3 . 1 1 1 6 . 15 33 1 . . 30 30 Average Corruption 7 | . . . 3 3 3 3 . 1 1 1 5 . 11 15 1 . . 5 30 Corruption Purged . | . . . . . . . . . . . . . . . . . . . . Corruption Blocked . | . . . . . . . . . . . . . . . . . . . . Effects 372 | . . . 1 5 5 3 . 3 15 7 76 . 10 214 2 . . 26 5 Message Errors 82 | . . . . 2 1 . . . 3 2 20 . . 51 . . . 2 1 Matter Fused 81 | . . . 1 1 . 1 . 2 2 . 18 . 4 44 1 . . 5 2 Heat Flow Errors 52 | . . . . . 2 1 . . 3 2 12 . 4 24 . . . 3 1 Energy Discharges 42 | . . . . . . 1 . . 3 1 5 . . 25 1 . . 5 1 Parts Rejected 3 | . . . . . . . . . . . . . . 3 . . . . . Parts Fused 4 | . . . . . . . . . . . 3 . . 1 . . . . . Data Loss (minor) 37 | . . . . . 2 . . . 2 1 11 . . 18 . . . 3 . Data Loss (major) 14 | . . . . . . . . . 1 . 3 . 1 9 . . . . . Misfires 11 | . . . . . . . . . . . . . . 11 . . . . . Alerts 11 | . . . . . . . . 1 1 1 1 . . 5 . . . 2 . Misdirections 10 | . . . . . . . . . . . . . 1 5 . . . 4 . Weapon Failures 25 | . . . . 2 . . . . . . 3 . . 18 . . . 2 . Overload Shots . | . . . . . . . . . . . . . . . . . . . . Overflow Damage 1065 | . . 10 . . . . . . 8 81 320 113 . 376 53 . . 104 . Projectiles 708 | . . . . . . . . . . 81 320 113 . 90 3 . . 101 . Explosions 107 | . . 10 . . . . . . 8 . . . . 89 . . . . . Melee 250 | . . . . . . . . . . . . . . 197 50 . . 3 . Knockbacks 19 | . . . . . . . . . . . 10 2 . 5 . . . 2 . Impact 2 | . . . . . . . . . . . . . . 2 . . . . . Kinetic 17 | . . . . . . . . . . . 10 2 . 3 . . . 2 . Secondary . | . . . . . . . . . . . . . . . . . . . . Self-Inflicted Damage 435 | . . 71 . . . . 12 . 41 184 . . . 126 . . . 1 . Shots 8 | . . 2 . . . . 1 . 1 2 . . . 2 . . . . . Rammed 24 | . . . . . . . . . . . . . . 20 . . . 4 . Targets Rammed 27 | . . . . . . . . . . . . . . 23 . . . 4 . Kicked . | . . . . . . . . . . . . . . . . . . . . Crushed 3 | . . . . . . . . . . . . . . 3 . . . . . Highest Temperature 391 | 20 245 66 124 36 200 243 365 102 306 205 293 8 309 377 318 10 260 391 145 Average Temperature 90 | 15 75 29 35 12 88 122 126 45 52 32 82 6 83 86 156 5 128 181 76 Received Heat Transfer 4365 | . 132 . 179 . . . . . 738 27 847 9 . 1115 810 . 94 351 63 Effects 14 | . . . . . . . 1 . . . 3 . 1 1 . . 1 7 . Shutdowns 3 | . . . . . . . . . . . . . . . . . . 3 . Energy Bleed 5 | . . . . . . . . . . . 1 . 1 1 . . 1 1 . Interference 4 | . . . . . . . . . . . 2 . . . . . . 2 . Matter Decay 1 | . . . . . . . 1 . . . . . . . . . . . . Damage (minor) 1 | . . . . . . . . . . . . . . . . . . 1 . Siege Activations 5 | . . . . . . . . . . . 1 . . . . . 3 1 . Total Turns 139 | . . . . . . . . . . . 1 . . . . . 77 61 . Longest Duration 61 | . . . . . . . . . . . 1 . . . . . 33 61 . Martial Activations . | . . . . . . . . . . . . . . . . . . . . Shielding Activations . | . . . . . . . . . . . . . . . . . . . . Robots Disrupted . | . . . . . . . . . . . . . . . . . . . . Combat Hostiles . | . . . . . . . . . . . . . . . . . . . . Robots Corrupted 4 | . . . . . . . . . . . . . . 1 1 . 2 . . Combat Hostiles 4 | . . . . . . . . . . . . . . 1 1 . 2 . . Parts Fried 13 | . . . . . . . . . . . . . . 1 2 . 10 . . Impact Corruptions 1 | . . . . . . . . . . . . . . 1 . . . . . Robots Melted 9 | . . . 1 . . . . . 1 . . . . 2 . . . 5 . Combat Hostiles 7 | . . . 1 . . . . . 1 . . . . 2 . . . 3 . Parts Melted 47 | . . . 5 1 . . 1 . 6 . 1 . . 9 . . . 24 . Heat Transferred 19367 | 50 333 . 1332 370 . . 1702 222 3364 . 296 50 . 6818 333 . 709 3788 . Parts Sabotaged 3 | . . . . . . . . . . . . . . 3 . . . . . Parts Stolen . | . . . . . . . . . . . . . . . . . . . . Parts Stripped . | . . . . . . . . . . . . . . . . . . . . Power Chain Reactions . | . . . . . . . . . . . . . . . . . . . . Alert | -11 -10 -10 -9 -9 -9 -8 -8 -7 -7 -7 -7 -6 -6 -6 -5 -4 -4 -3 -3 ------- Run | Yrd Mat Min Mat Min Exi Min Mat Fac Gar Fac Gar Fac Was Fac Fac Fac DSF Res Gar Maximum Alert Level 5 | . . . . . . . . . 4 3 5 4 1 3 2 . 1 . . Low Security (%) 51 | 100 100 100 100 100 . 100 100 100 9 . . . 11 57 23 100 84 100 100 Level 1 11 | . . . . . . . . . 25 . . . 88 8 66 . 15 . . Level 2 14 | . . . . . . . . . 26 27 20 . . 26 10 . . . . Level 3 13 | . . . . . . . . . 12 72 38 85 . 6 . . . . . Level 4 5 | . . . . . . . . . 26 . 19 14 . . . . . . . Level 5 2 | . . . . . . . . . . . 21 . . . . . . . . High Security . | . . . . . . . . . . . . . . . . . . . . Max Security . | . . . . . . . . . . . . . . . . . . . . Peak Influence 2126 | 5 71 91 103 87 . . 185 65 1584 1050 2126 1117 288 998 483 191 252 181 98 Initial 1115 | . . . . 37 . . . 65 4 831 466 1115 288 128 483 187 . 141 . Average 389 | . 14 18 17 41 . . 82 10 681 792 1117 909 240 251 276 98 133 55 62 Influence Increases 9692 | 10 242 315 354 100 . . 479 21 1654 881 1880 267 6 1899 651 14 252 549 118 Destroy 0b10 Robot/C 4120 | . 140 180 240 60 . . 80 . 640 280 520 40 . 1040 360 . 140 400 . Destroy 0b10 Robot/NC 320 | 10 15 5 30 10 . . 60 5 . 25 50 5 . 65 15 . . 25 . Destroy Leader 738 | . 36 30 60 . . . 28 2 30 86 40 2 . 272 70 . 20 62 . Allied During Kill 213 | . . 7 . . . . . . 77 95 21 1 . 12 . . . . . Successful Hack 404 | . 32 5 23 . . . 17 14 30 75 18 20 . 109 29 14 . . 18 Disable Machine 375 | . . 30 . . . . 75 . . 45 . 30 . 180 15 . . . . Anti-Garrison Action 2300 | . . . . . . . . . 750 150 1150 150 . . . . . . 100 Destroy Structure 517 | . 4 58 1 . . . 54 . 82 50 81 19 6 116 12 . 2 32 . Partial Spotted 15 | . 15 . . . . . . . . . . . . . . . . . . Lose Combat Pursuer 690 | . . . . 30 . . 165 . 45 75 . . . 105 150 . 90 30 . Influence Decreases 9614 | 10 242 315 257 167 30 . 333 161 76 1799 420 1569 646 1095 1255 398 . 801 40 Entered New Map 3542 | . . . . 60 30 . . 81 2 753 200 1011 536 56 505 197 . 111 . Time Decay 3815 | 10 242 275 227 90 . . 333 80 . 486 . 198 100 529 580 201 . 464 . Lost Part 847 | . . . 30 17 . . . . 74 . 100 . 10 200 170 . . 226 20 Lost Ally 360 | . . 40 . . . . . . . 110 120 60 . 10 . . . . 20 Purge Threat 1050 | . . . . . . . . . . 450 . 300 . 300 . . . . . Squads Dispatched 59 | . . . . . . . 3 4 . 10 . 4 . 26 6 . 2 4 . Investigation 15 | . . . . . . . 1 2 . 4 . 1 . 5 2 . . . . Extermination 18 | . . . . . . . . 2 . 2 . . . 8 3 . . 3 . Reinforcement 10 | . . . . . . . 1 . . . . . . 5 1 . 2 1 . Assault 8 | . . . . . . . . . . 2 . 3 . 3 . . . . . Garrison 8 | . . . . . . . 1 . . 2 . . . 5 . . . . . Intercept . | . . . . . . . . . . . . . . . . . . . . Searches Triggered . | . . . . . . . . . . . . . . . . . . . . Construction Impeded 3 | . . . . . . . . . . . . . . 3 . . . . . Haulers Reinforced 2 | . . . . . . . . . . . . . . 1 . . . 1 . Active Scanning Responses . | . . . . . . . . . . . . . . . . . . . . Cargo Convoy Interrupts 1 | . . . . . . . . . . . . . . . . . . 1 . Stealth | -11 -10 -10 -9 -9 -9 -8 -8 -7 -7 -7 -7 -6 -6 -6 -5 -4 -4 -3 -3 --------- Run | Yrd Mat Min Mat Min Exi Min Mat Fac Gar Fac Gar Fac Was Fac Fac Fac DSF Res Gar Distress Signals 15 | . . . . . . . . . . 3 1 . . 4 3 . . 4 . Communications Jammed . | . . . . . . . . . . . . . . . . . . . . Distress Signals . | . . . . . . . . . . . . . . . . . . . . Times Spotted 335 | . 11 9 16 8 . . 22 4 28 17 36 4 6 76 32 . 14 48 4 Peak Tracking Total 14 | . 3 3 3 4 . . 5 2 5 6 4 2 6 7 5 . 4 14 4 Tactical Retreats 27 | . . . . 1 . . 5 . 1 3 . . 1 6 6 . 2 2 . Traps | -11 -10 -10 -9 -9 -9 -8 -8 -7 -7 -7 -7 -6 -6 -6 -5 -4 -4 -3 -3 ------- Run | Yrd Mat Min Mat Min Exi Min Mat Fac Gar Fac Gar Fac Was Fac Fac Fac DSF Res Gar Traps Triggered 18 | . 1 . . . . . 1 1 7 1 3 2 . 2 . . . . . Indirectly 1 | . . . . . . . . . . . . 1 . . . . . . . Trap Hack Attempts . | . . . . . . . . . . . . . . . . . . . . Triggered . | . . . . . . . . . . . . . . . . . . . . Disarmed . | . . . . . . . . . . . . . . . . . . . . Reprogrammed . | . . . . . . . . . . . . . . . . . . . . Reused . | . . . . . . . . . . . . . . . . . . . . Traps Extracted . | . . . . . . . . . . . . . . . . . . . . Installed . | . . . . . . . . . . . . . . . . . . . . Triggered . | . . . . . . . . . . . . . . . . . . . . Machines | -11 -10 -10 -9 -9 -9 -8 -8 -7 -7 -7 -7 -6 -6 -6 -5 -4 -4 -3 -3 ---------- Run | Yrd Mat Min Mat Min Exi Min Mat Fac Gar Fac Gar Fac Was Fac Fac Fac DSF Res Gar Machines Disabled 36 | . . 2 . . . . 5 . 4 4 5 3 . 12 1 . . . . Max in Single Turn 2 | . . 2 . . . . 1 . 1 2 1 2 . 2 1 . . . . Garrison Access 2 | . . . . . . . . . . 1 . 1 . . . . . . . Garrison Relay 9 | . . . . . . . . . 4 . 5 . . . . . . . . Machines Repaired . | . . . . . . . . . . . . . . . . . . . . Machines Dismantled . | . . . . . . . . . . . . . . . . . . . . Machines Sabotaged . | . . . . . . . . . . . . . . . . . . . . Overloaded Fab Kills . | . . . . . . . . . . . . . . . . . . . . Hacking | -11 -10 -10 -9 -9 -9 -8 -8 -7 -7 -7 -7 -6 -6 -6 -5 -4 -4 -3 -3 --------- Run | Yrd Mat Min Mat Min Exi Min Mat Fac Gar Fac Gar Fac Was Fac Fac Fac DSF Res Gar Machines Accessed 81 | . 9 1 4 . 3 . 8 6 3 11 2 3 . 15 8 2 . 4 2 Terminals 50 | . 6 1 3 . . . 5 4 3 7 2 2 . 8 2 2 . 3 2 Fabricators 2 | . . . . . . . . . . 1 . . . 1 . . . . . Repair Stations 7 | . 1 . . . . . . . . 1 . . . 3 2 . . . . Recycling Units 11 | . 2 . 1 . . . 2 1 . . . 1 . 1 3 . . . . Scanalyzers 5 | . . . . . . . 1 . . 1 . . . 2 1 . . . . Garrison Access 3 | . . . . . . . . 1 . 1 . . . . . . . 1 . Total Hacks 289 | . 37 3 11 . 11 . 31 20 7 45 5 11 . 62 25 6 . 8 7 Successful 144 | . 21 1 4 . 11 . 16 13 3 20 3 6 . 31 8 2 . 3 2 Failed 141 | . 15 2 7 . . . 14 7 4 25 2 5 . 30 16 4 . 5 5 Catastrophic 20 | . 1 . . . . . 1 . 2 4 . 2 . 6 1 1 . . 2 Database Lockouts 4 | . 1 . . . . . 1 . . . . . . 1 1 . . . . Manual 115 | . 23 . 11 . 1 . 17 5 1 13 2 10 . 11 14 2 . 5 . Terminals 168 | . 29 3 9 . . . 19 16 7 26 5 8 . 23 4 6 . 6 7 Fabricators 10 | . . . . . . . . . . 5 . . . 5 . . . . . Repair Stations 30 | . 2 . . . . . . . . 8 . . . 13 7 . . . . Recycling Units 33 | . 6 . 2 . . . 7 2 . . . 3 . 3 10 . . . . Scanalyzers 31 | . . . . . . . 5 . . 4 . . . 18 4 . . . . Garrison Access 6 | . . . . . . . . 2 . 2 . . . . . . . 2 . Terminal Hacks 56 | . 10 1 1 . 11 . 4 7 3 6 3 2 . 4 . 1 . 1 2 Record 11 | . . . . . 10 . . . . . . . . . . . . 1 . Part Schematic 2 | . 1 . . . . . . . . 1 . . . . . . . . . Robot Analysis 6 | . 2 . 1 . . . 1 . . 2 . . . . . . . . . Prototype ID Bank 5 | . 2 . . . . . . 2 . . . . . 1 . . . . . Open Door 2 | . . . . . . . . . . . 1 . . . . . . . 1 Open DSF 1 | . . . . . . . . . . . . . . . . 1 . . . Level Access Points 1 | . . . . . . . . . . . . . . 1 . . . . . Branch Access Points 1 | . . . . . . . . 1 . . . . . . . . . . . Emergency Access Points 3 | . 1 . . . . . . . 1 . 1 . . . . . . . . Terminal Index 1 | . 1 . . . . . . . . . . . . . . . . . . Scanalyzer Index 1 | . . . . . . . . 1 . . . . . . . . . . . Unreport Threat 7 | . . . . . . . . . . 3 . 2 . 2 . . . . . Locate Traps 3 | . 2 . . . . . . 1 . . . . . . . . . . . Registered Components 3 | . 1 . . . . . 1 1 . . . . . . . . . . . Registered Prototypes 1 | . . . . . . . 1 . . . . . . . . . . . . Zone Layout 3 | . . 1 . . . . 1 1 . . . . . . . . . . . Garrison Registry 2 | . . . . . . . . . 1 . 1 . . . . . . . . Patrol Navigation 1 | . . . . . . . . . 1 . . . . . . . . . . Security Stations 1 | . . . . . . . . . . . . . . . . . . . 1 Proto ID Catalog 1 | . . . . . 1 . . . . . . . . . . . . . . Fabricator Hacks 6 | . . . . . . . . . . 4 . . . 2 . . . . . Network Status 2 | . . . . . . . . . . 2 . . . . . . . . . Load Schematic 2 | . . . . . . . . . . 1 . . . 1 . . . . . Build 2 | . . . . . . . . . . 1 . . . 1 . . . . . Repair Station Hacks 11 | . 2 . . . . . . . . 3 . . . 6 . . . . . Scan Component 7 | . 1 . . . . . . . . 2 . . . 4 . . . . . Repair 4 | . 1 . . . . . . . . 1 . . . 2 . . . . . Recycling Unit Hacks 10 | . 2 . . . . . 2 1 . . . 1 . 2 2 . . . . Process 1 | . . . . . . . . . . . . . . 1 . . . . . Report Inventory 8 | . 2 . . . . . 2 1 . . . 1 . . 2 . . . . Retrieve Matter 1 | . . . . . . . . . . . . . . 1 . . . . . Scanalyzer 19 | . . . . . . . 3 . . 2 . . . 13 1 . . . . Insert Component 7 | . . . . . . . 2 . . . . . . 5 . . . . . Analyze 5 | . . . . . . . 1 . . . . . . 4 . . . . . Retrieve Study 7 | . . . . . . . . . . 2 . . . 4 1 . . . . Garrison Access Hacks 6 | . . . . . . . . 2 . 2 . . . . . . . 2 . Unlock Access 3 | . . . . . . . . 1 . 1 . . . . . . . 1 . Coupler Status 3 | . . . . . . . . 1 . 1 . . . . . . . 1 . Unauthorized Hacks 36 | . 7 . 3 . . . 7 3 . 3 . 3 . 4 5 1 . . . Terminals 24 | . 5 . 2 . . . 4 3 . 3 . 2 . 3 1 1 . . . Assimilate 2 | . . . . . . . 1 . . 1 . . . . . . . . . Botnet 22 | . 5 . 2 . . . 3 3 . 2 . 2 . 3 1 1 . . . Fabricators . | . . . . . . . . . . . . . . . . . . . . Repair Stations 2 | . . . . . . . . . . . . . . 1 1 . . . . Mechanics 1 | . . . . . . . . . . . . . . 1 . . . . . Patch 1 | . . . . . . . . . . . . . . . 1 . . . . Recycling Units 10 | . 2 . 1 . . . 3 . . . . 1 . . 3 . . . . Monitor 3 | . 1 . . . . . 1 . . . . . . . 1 . . . . Reject 1 | . . . . . . . . . . . . . . . 1 . . . . Recyclers 5 | . 1 . 1 . . . 1 . . . . 1 . . 1 . . . . Mask 1 | . . . . . . . 1 . . . . . . . . . . . . Scanalyzers . | . . . . . . . . . . . . . . . . . . . . Garrison Access . | . . . . . . . . . . . . . . . . . . . . Data Cores Recovered . | . . . . . . . . . . . . . . . . . . . . Used . | . . . . . . . . . . . . . . . . . . . . Hacking Detections 71 | . 7 1 4 . . . 7 6 2 11 2 3 . 13 7 2 . 4 2 Full Trace Events 15 | . . . . . . . . 2 1 3 . 1 . 5 1 . . . 2 Feedback Events 1 | . . . . . . . . 1 . . . . . . . . . . . Corruption 1 | . . . . . . . . 1 . . . . . . . . . . . Feedback Blocked . | . . . . . . . . . . . . . . . . . . . . Robot Schematics Acquired . | . . . . . . . . . . . . . . . . . . . . Robots Built . | . . . . . . . . . . . . . . . . . . . . Authchips . | . . . . . . . . . . . . . . . . . . . . Time . | . . . . . . . . . . . . . . . . . . . . Total Robot Build Rating . | . . . . . . . . . . . . . . . . . . . . Part Schematics Acquired 7 | . 1 . . . . . 1 . . 1 . . . 4 . . . . . Parts Built 2 | . . . . . . . . . . . . . . 2 . . . . . Authchips . | . . . . . . . . . . . . . . . . . . . . Time 94 | . . . . . . . . . . 47 . . . 47 . . . . . Total Part Build Rating 10 | . . . . . . . . . . . . . . 10 . . . . . Part Studies Acquired 7 | . . . . . . . . . . 2 . . . 4 1 . . . . Parts Repaired 4 | . 1 . . . . . . . . 1 . . . 2 . . . . . Time 118 | . 26 . . . . . . . . 22 . . . 70 . . . . . Parts Recycled . | . . . . . . . . . . . . . . . . . . . . Recycled Matter 48 | . . . . . . . . . . . . . . 48 . . . . . Retrieved Matter 48 | . . . . . . . . . . . . . . 48 . . . . . Retrieved Components . | . . . . . . . . . . . . . . . . . . . . Parts Scanalyzed 7 | . . . . . . . 2 . . . . . . 5 . . . . . Part Schematics Acquired 5 | . . . . . . . 1 . . . . . . 4 . . . . . Parts Damaged 2 | . . . . . . . . . . . . . . 2 . . . . . Bothacking | -11 -10 -10 -9 -9 -9 -8 -8 -7 -7 -7 -7 -6 -6 -6 -5 -4 -4 -3 -3 ------------ Run | Yrd Mat Min Mat Min Exi Min Mat Fac Gar Fac Gar Fac Was Fac Fac Fac DSF Res Gar Used RIF Installer 2 | . . . . . . . . . 1 . 1 . . . . . . . . Zone Cloak 1 | . . . . . . . . . . . 1 . . . . . . . . Robots Hacked 23 | . . . . . . . . . . 2 6 1 . 9 2 . . 3 . Non-combat 12 | . . . . . . . . . . . . . . 7 2 . . 3 . Combat 11 | . . . . . . . . . . 2 6 1 . 2 . . . . . Robot Hacks Applied 31 | . . . . . . . . . . 2 6 1 . 14 2 . . 6 . parse_system 2 | . . . . . . . . . . . . . . 2 . . . . . generate_echo 1 | . . . . . . . . . . . . . . 1 . . . . . find_chute 1 | . . . . . . . . . . . . . . . 1 . . . . map_walls 3 | . . . . . . . . . . . . . . 2 . . . 1 . find_fabricator 2 | . . . . . . . . . . . . . . 1 . . . 1 . drop_inventory 3 | . . . . . . . . . . . . . . 2 . . . 1 . locate_stockpiles 2 | . . . . . . . . . . . . . . 1 . . . 1 . map_route 2 | . . . . . . . . . . . . . . 1 . . . 1 . mark_security 1 | . . . . . . . . . . . . . . 1 . . . . . link_fov 2 | . . . . . . . . . . . . . . . 1 . . 1 . go_dormant 1 | . . . . . . . . . . . . . . 1 . . . . . overwrite_iff 1 | . . . . . . . . . . 1 . . . . . . . . . streamctrl_high 2 | . . . . . . . . . . . 2 . . . . . . . . formatsys_low 1 | . . . . . . . . . . . . . . 1 . . . . . formatsys_high 7 | . . . . . . . . . . 1 4 1 . 1 . . . . . Relay Couplers Released 45 | . . . . . . . . . 14 4 21 2 . 4 . . . . . Machine Destruction 41 | . . . . . . . . . 14 4 21 2 . . . . . . . Programmers 4 | . . . . . . . . . . . . . . 4 . . . . . Attached 9 | . . . . . . . . . . 1 3 1 . 3 . . . 1 . Fabnet Peak Effective % . | . . . . . . . . . . . . . . . . . . . . Robots Rewired 8 | . . . . . . . . . 4 . 3 . . . . . . . 1 Allies Hacked . | . . . . . . . . . . . . . . . . . . . . Hacks Repelled . | . . . . . . . . . . . . . . . . . . . . Allies | -11 -10 -10 -9 -9 -9 -8 -8 -7 -7 -7 -7 -6 -6 -6 -5 -4 -4 -3 -3 -------- Run | Yrd Mat Min Mat Min Exi Min Mat Fac Gar Fac Gar Fac Was Fac Fac Fac DSF Res Gar Total Allies 26 | . . 3 . . . . 1 . 6 3 9 1 . 2 . . . . 1 Largest Group 5 | . . 3 . . . . 1 . 5 5 4 3 . 1 . . . . 1 Highest-Rated Group 262 | . . 40 . . . . 10 . 262 262 82 61 . 32 . . . . 38 Highest-Rated Ally 80 | . . 16 . . . . 10 . 80 80 29 29 . 32 . . . . 38 Total Orders 3 | . . . . . . . . . 2 . . . . 1 . . . . . STAY 1 | . . . . . . . . . 1 . . . . . . . . . . FOLLOW 1 | . . . . . . . . . 1 . . . . . . . . . . AID 1 | . . . . . . . . . . . . . . 1 . . . . . Ally Attacks 161 | . . 8 . . . . . . 34 49 50 8 . 10 . . . . 2 Total Damage 4530 | . . 94 . . . . . . 1059 1518 892 82 . 813 . . . . 72 Kills 42 | . . 3 . . . . . . 13 13 5 . . 8 . . . . . Allies Corrupted . | . . . . . . . . . . . . . . . . . . . . Allies Melted . | . . . . . . . . . . . . . . . . . . . . Intel | -11 -10 -10 -9 -9 -9 -8 -8 -7 -7 -7 -7 -6 -6 -6 -5 -4 -4 -3 -3 ------- Run | Yrd Mat Min Mat Min Exi Min Mat Fac Gar Fac Gar Fac Was Fac Fac Fac DSF Res Gar Active Infowar (turns) 11989 | 32 1009 1321 724 161 . . . . . 274 1538 394 204 3681 526 343 482 1222 78 Optics 4647 | . . . 503 . . . . . . . . 259 204 3681 . . . . . Terrain 656 | . . . 495 161 . . . . . . . . . . . . . . . Traps 5645 | . . . . . . . . . . 102 1538 19 47 1290 524 343 482 1222 78 Seismic 2899 | 32 1009 1321 524 11 . . . . . . . . . . 2 . . . . Machine Analysis 2213 | . . . . . . . . . . . . 230 204 1779 . . . . . Spoofing 990 | . . . . . . . . . . 172 . . . . 275 232 311 . . Jamming 375 | . . . . . . . . . . . . 375 . . . . . . . Robot Analysis Total 6 | . 2 . 1 . . . 1 . . 2 . . . . . . . . . Derelict Logs Recovered 3 | . . 3 . . . . . . . . . . . . . . . . . Drone Launches . | . . . . . . . . . . . . . . . . . . . . Drone Recoveries . | . . . . . . . . . . . . . . . . . . . . Exploration | -11 -10 -10 -9 -9 -9 -8 -8 -7 -7 -7 -7 -6 -6 -6 -5 -4 -4 -3 -3 ------------- Run | Yrd Mat Min Mat Min Exi Min Mat Fac Gar Fac Gar Fac Was Fac Fac Fac DSF Res Gar Turns Passed 22514 | 133 1040 1321 812 238 424 280 1388 537 2490 1276 3057 414 204 4738 1785 427 482 1390 78 Spaces Moved 11584 | 67 472 577 440 215 507 222 1182 359 1026 791 1391 229 100 1859 1014 246 173 654 60 Core 243 | . . . . 75 . . 10 . . . . . . . 1 . . 105 52 Treads 4860 | 67 472 577 169 . . . . 48 286 . 960 229 100 1060 . 187 173 532 . Legs 3833 | . . . . . . . . . 740 791 431 . . 799 1013 59 . . . Wheels 411 | . . . 271 140 . . . . . . . . . . . . . . . Hover 2237 | . . . . . 507 222 1172 311 . . . . . . . . . 17 8 Flight . | . . . . . . . . . . . . . . . . . . . . Fastest Speed 48 | 160 160 160 100 50 56 116 48 108 120 105 105 160 160 105 105 107 180 50 50 Average Speed 141 | 160 161 160 125 82 74 116 59 133 204 134 155 160 160 169 119 162 180 156 88 Slowest Speed 900 | 160 240 160 240 105 116 116 150 245 330 190 255 160 160 245 900 180 180 180 100 Overloaded Moves . | . . . . . . . . . . . . . . . . . . . . Propulsion Burnouts . | . . . . . . . . . . . . . . . . . . . . Robots Hopped . | . . . . . . . . . . . . . . . . . . . . Potential Cave-ins 7 | . . 4 . . . . . . . . 3 . . . . . . . . Cave-ins Triggered 1 | . . . . . . . . . . . . . . 1 . . . . . Exploration Rate (%) 41 | 7 57 73 27 46 71 38 37 13 81 24 91 8 65 40 26 5 92 15 13 Regions Visited 19 Branch Regions 4 Pre-discovered Areas 2 | . . 1 . . 1 . . . . . . . . . . . . . . Known Exits Taken 6 | . . . 1 . . . . 1 . 1 . . . 1 . 1 . 1 . Unknown Exits Taken 8 | 1 1 1 . 1 1 1 1 . . . . . . . 1 . . . . Scrap Searched 1 | . . 1 . . . . . . . . . . . . . . . . . Spaces Dug 177 | . . 51 . . . . 18 . 2 36 22 5 2 38 3 . . . . Terrain Destroyed 477 | . 4 95 . . . . 51 . 67 43 59 26 6 106 6 . 1 13 . Melee 10 | . . . . . . . . . . . . . . 7 3 . . . . Projectile 158 | . . . . . . . . . 3 18 59 5 6 50 3 . 1 13 . AOE 309 | . 4 95 . . . . 51 . 64 25 . 21 . 49 . . . . . Terrain Rammed . | . . . . . . . . . . . . . . . . . . . . Walls Destroyed . | . . . . . . . . . . . . . . . . . . . . Machines Disabled . | . . . . . . . . . . . . . . . . . . . . Actions | -11 -10 -10 -9 -9 -9 -8 -8 -7 -7 -7 -7 -6 -6 -6 -5 -4 -4 -3 -3 --------- Run | Yrd Mat Min Mat Min Exi Min Mat Fac Gar Fac Gar Fac Was Fac Fac Fac DSF Res Gar Total 16415 | 83 713 958 603 250 555 244 1789 413 1268 969 2096 265 120 3095 1449 278 293 890 84 Wait 3026 | 3 181 361 60 5 33 23 502 24 60 99 387 5 4 843 246 2 63 112 13 Move 11568 | 66 471 576 439 214 506 221 1181 359 1025 791 1390 229 99 1858 1013 245 172 653 60 Hop . | . . . . . . . . . . . . . . . . . . . . Pick Up 195 | 3 10 2 12 2 7 . 17 13 15 11 22 5 . 35 18 5 9 9 . Fast Attach 121 | 1 6 . 6 . 1 . 11 2 9 8 13 4 . 30 15 4 5 6 . Attach 88 | . . . 5 1 4 . . 2 3 2 17 4 . 20 13 4 2 10 1 Detach 14 | . . . . . . . . . . 2 6 1 . 3 1 1 . . . Swap 171 | 3 10 1 14 6 1 . 15 2 11 8 13 . 1 43 22 4 3 14 . Drop 236 | 2 14 2 16 7 3 . 18 8 23 21 26 6 . 36 17 13 13 11 . Fire 772 | 5 21 16 51 15 . . 45 3 86 26 181 11 16 175 26 . 26 69 . Melee 120 | . . . . . . . . . 6 . 7 . . 28 78 . . 1 . Ram 2 | . . . . . . . . . . . . . . . . . . 2 . Kick . | . . . . . . . . . . . . . . . . . . . . Crush 26 | . . . . . . . . . . . . . . 23 . . . 3 . Escape Stasis 40 | . . . . . . . . . 30 . 10 . . . . . . . . Rewire 36 | . . . . . . . . . . 1 24 . . 1 . . . . 10 Trap . | . . . . . . . . . . . . . . . . . . . . Miscellaneous . | . . . . . . . . . . . . . . . . . . . . Route ------- -11/Scrapyard -10/Materials (discovered 2 exits: *Mat / *Min) -10/Mines -9/Materials (discovered 2 exits: *Min / Sto) -9/Mines -9/Exiles (discovered 2 exits: [*Min x2]) -8/Mines -8/Materials -7/Factory (discovered 3 exits: Low x2 / Gar) -7/Garrison (discovered 3 exits: *Fac x3) -7/Factory -7/Garrison (discovered 4 exits: *Fac x3 / [Fac]) -6/Factory -6/Waste -6/Factory (discovered 4 exits: *Fac x4) -5/Factory (discovered 2 exits: *Fac / [*Ext]) -4/Factory -4/DSF -3/Research -3/Garrison History --------- Turn | Location | Event 6 | -11/Scrapyard | Discovered new exit (range 3) 134 | -11/Scrapyard | Entered Materials 310 | -10/Materials | Build established: Mutant 462 | -10/Materials | Discovered new exit (range 14) 853 | -10/Materials | Discovered new exit (range 8) 877 | -10/Materials | Repaired Lgt. Treads 909 | -10/Materials | Central database locked down 1174 | -10/Materials | Entered Mines 1182 | -10/Mines | Learned location of 1 exit from Materials 1190 | -10/Mines | Met a Derelict bent on vengeance 1254 | -10/Mines | Learned location of Storage (-9) 1283 | -10/Mines | Assisted by bots powering up and referring to "LRC-V3" 1351 | -10/Mines | Learned location of 1 exit from Materials 1728 | -10/Mines | Discovered new exit (range 12) 2495 | -10/Mines | Entered Materials 2495 | -9/Materials | Evolved 2 slots: Utility x2 2496 | -9/Materials | Identified exit to Storage 2496 | -9/Materials | Identified exit to Mines 2703 | -9/Materials | Lost 3 parts (1p1n1w) 3307 | -9/Materials | Entered Mines 3352 | -9/Mines | Destroyed 7 combat bots 3362 | -9/Mines | Received a Rocket Launcher from a helpful Derelict 3464 | -9/Mines | Assembled infested the area 3506 | -9/Mines | Core integrity fell below 50% 3532 | -9/Mines | Discovered new exit (range 5) 3536 | -9/Mines | Lost 7 parts (2n3u2w) 3545 | -9/Mines | Entered Exiles 3562 | -9/Exiles | Met 8R-AWN 3572 | -9/Exiles | Met EX-HEX 3607 | -9/Exiles | Met EX-DEC 3617 | -9/Exiles | Learned location of Zion (-6) 3675 | -9/Exiles | Met EX-BIN 3686 | -9/Exiles | Aligned with FarCom system 3686 | -9/Exiles | Given EX-Vault access code 3700 | -9/Exiles | Opened EX-Vault 3703 | -9/Exiles | Found Superbattery 3717 | -9/Exiles | Warned to stay clear of 0b10 Research branches 3806 | -9/Exiles | Discovered new exit (range 10) 3938 | -9/Exiles | Discovered new exit (range 14) 3969 | -9/Exiles | Left Exiles lab with Superbattery 3969 | -9/Exiles | Entered Mines 3998 | -8/Mines | Discovered new exit (range 9) 4249 | -8/Mines | Entered Materials 4249 | -8/Materials | Evolved 2 slots: Propulsion x1, Utility x1 4760 | -8/Materials | Build established: Hacker-Mutant 5138 | -8/Materials | Garrison activated, responded to threat 5584 | -8/Materials | Discovered new exit (range 15) 5614 | -8/Materials | Central database locked down 5637 | -8/Materials | Entered Factory 5637 | -7/Factory | Evolved 2 slots: Propulsion x1, Utility x1 5806 | -7/Factory | Allied Derelicts emerged from ambush trap array 5853 | -7/Factory | Identified exit to Lower Caves 6174 | -7/Factory | Identified exit to Garrison 6174 | -7/Factory | Entered Garrison 6336 | -7/Garrison | Triggered checkpoint 6467 | -7/Garrison | Garrison Relay disabled 6932 | -7/Garrison | Triggered checkpoint 7068 | -7/Garrison | Triggered checkpoint 7074 | -7/Garrison | Triggered checkpoint 7122 | -7/Garrison | Lost 3 parts (1p1n1w) 7285 | -7/Garrison | Discovered new exit (range 10) 7334 | -7/Garrison | Triggered checkpoint 7399 | -7/Garrison | Garrison Relay disabled 7596 | -7/Garrison | Discovered new exit (range 11) 7601 | -7/Garrison | Found embedded Infiltrators 7650 | -7/Garrison | Triggered checkpoint 7682 | -7/Garrison | Garrison Relay disabled 7882 | -7/Garrison | Triggered checkpoint 7896 | -7/Garrison | Discovered new exit (range 14) 7962 | -7/Garrison | Triggered checkpoint 7996 | -7/Garrison | Triggered checkpoint 8003 | -7/Garrison | Garrison Relay disabled 8255 | -7/Garrison | Installed Relay Interface Framework 8410 | -7/Garrison | Discovered new exit (range 15) 8410 | -7/Garrison | Discovered new exit (range 73) 8410 | -7/Garrison | Discovered new exit (range 37) 8664 | -7/Garrison | Entered Factory 8664 | -7/Factory | Accompanied by 5 allies 8776 | -7/Factory | Repaired Imp. Carbon-fiber Leg 9940 | -7/Factory | Identified exit to Garrison 9940 | -7/Factory | Entered Garrison 9940 | -7/Garrison | Accompanied by 1 ally 9971 | -7/Garrison | Expanded RIF knowledge: Zone Cloak 9982 | -7/Garrison | Garrison Relay disabled 9994 | -7/Garrison | Triggered checkpoint 10556 | -7/Garrison | Triggered checkpoint 10564 | -7/Garrison | Triggered checkpoint 10624 | -7/Garrison | Lost 3 parts (2n1u) 10807 | -7/Garrison | Discovered new exit (range 10) 11001 | -7/Garrison | Garrison Relay disabled 11359 | -7/Garrison | Discovered new exit (range 5) 11399 | -7/Garrison | Core integrity fell below 50% 11860 | -7/Garrison | Triggered checkpoint 11956 | -7/Garrison | Discovered new exit (range 24) 11956 | -7/Garrison | Discovered new exit (range 50) 11956 | -7/Garrison | Discovered new exit (range 66) 11956 | -7/Garrison | Discovered new exit (range 70) 12045 | -7/Garrison | Garrison Relay disabled 12074 | -7/Garrison | Triggered checkpoint 12132 | -7/Garrison | Lost 3 parts (1p1u1w) 12188 | -7/Garrison | Lost 3 allies 12258 | -7/Garrison | Garrison Relay disabled 12354 | -7/Garrison | Triggered checkpoint 12564 | -7/Garrison | Triggered checkpoint 12586 | -7/Garrison | Build established: Bothacker-Mutant 12997 | -7/Garrison | Entered Factory 12997 | -6/Factory | Accompanied by 2 allies 12997 | -6/Factory | Evolved 2 slots: Utility x2 13170 | -6/Factory | Lost 3 allies 13347 | -6/Factory | First assault squad dispatched 13411 | -6/Factory | Sucked down chute 13411 | -6/Factory | Entered Waste 13423 | -6/Waste | Spotted C-40 Crusher 13426 | -6/Waste | EMP discharged 13456 | -6/Waste | Spotted C-40 Crusher 13461 | -6/Waste | Spotted C-40 Crusher 13464 | -6/Waste | Spotted C-40 Crusher 13472 | -6/Waste | Spotted C-40 Crusher 13474 | -6/Waste | Spotted C-40 Crusher 13479 | -6/Waste | Build established: Scavenger-Skirmisher 13523 | -6/Waste | Crushed by Compactor (1 part destroyed, 1 dropped) 13526 | -6/Waste | EMP discharged 13526 | -6/Waste | System corruption reached 10% 13598 | -6/Waste | Discovered new exit (range 10) 13615 | -6/Waste | Entered Factory 13918 | -6/Factory | Repaired Imp. Medium Armor Plating 13956 | -6/Factory | Repaired Lgt. Treads 15034 | -6/Factory | Build established: Scavenger-Assassin 15193 | -6/Factory | Identified exit to Factory 16299 | -6/Factory | Fabricated Angular Momentum Engine (x2) 16378 | -6/Factory | Build established: Bothacker-Mutant 16415 | -6/Factory | First assault squad dispatched 16454 | -6/Factory | Central database locked down 16859 | -6/Factory | Build established: Bothacker-Skirmisher 17296 | -6/Factory | Crushed by falling debris 17315 | -6/Factory | Garrison activated, responded to threat 17323 | -6/Factory | Build established: Bothacker-Mutant 17352 | -6/Factory | Lost 4 parts (1p3u) 17572 | -6/Factory | System corruption reached 30% 17580 | -6/Factory | Core integrity fell below 50% 17610 | -6/Factory | Lost 3 parts (2n1u) 18069 | -6/Factory | Lost 5 parts (1p2n1u1w) 18070 | -6/Factory | Core integrity fell below 20% 18225 | -6/Factory | Garrison activated, responded to threat 18353 | -6/Factory | Entered another Factory area 18353 | -5/Factory | Evolved 2 slots: Power x1, Propulsion x1 18627 | -5/Factory | Build established: Scavenger-Mutant 18938 | -5/Factory | Lost 4 parts (4n) 19036 | -5/Factory | Lost 8 parts (2n5u1w) 19285 | -5/Factory | Discovered new exit (range 9) 19316 | -5/Factory | Central database locked down 19776 | -5/Factory | Core integrity fell below 50% 19945 | -5/Factory | Discovered new exit (range 16) 20138 | -5/Factory | Entered another Factory area 20138 | -4/Factory | Evolved 2 slots: Propulsion x1, Weapon x1 20266 | -4/Factory | Identified exit to DSF 20565 | -4/Factory | Entered DSF 20625 | -4/DSF | Additional patrols routed to DSF 20860 | -4/DSF | Found Adv. Powered Armor 20863 | -4/DSF | Found Adv. Powered Armor 20935 | -4/DSF | Discovered new exit (range 14) 20965 | -4/DSF | Build established: Tank 21047 | -4/DSF | Entered Research 21047 | -3/Research | Evolved 2 slots: Utility x2 22188 | -3/Research | Build established: Scavenger-Tank 22195 | -3/Research | Spotted B-86 Titan 22206 | -3/Research | Destroyed B-86 Titan 22284 | -3/Research | Cargo convoy interrupted 22292 | -3/Research | Spotted Executioner 22292 | -3/Research | Spotted Executioner 22303 | -3/Research | System corruption reached 10% 22332 | -3/Research | Destroyed Executioner 22359 | -3/Research | Core integrity fell below 50% 22364 | -3/Research | Found Prototype Hackware 22364 | -3/Research | Identified Exp. System Shield 22387 | -3/Research | Lost 22 parts (3p5n9u5w) 22410 | -3/Research | System corruption reached 30% 22417 | -3/Research | Core integrity fell below 20% 22433 | -3/Research | Identified exit to Garrison 22437 | -3/Research | Entered Garrison 22443 | -3/Garrison | Learned Research security intel 22515 | -3/Garrison | Destroyed by Y-72 Warden with Quantum Rifle Last Messages --------------- 22472_ Slug penetrates Wall. 22487_ System corrupted: Matter fused (-8). 22500_ Penetrated by Slug. 22500_ Slug penetrates Wall. 22501_ Penetrated by Slug. 22501_ Microactuators destroyed. 22501_ Slug penetrates Wall. 22503_ Connecting with Door Terminal... >>Open(Door) Sealed Heavy Doors opened. 22503_ ALERT: Suspicious activity at Terminal G001. Transmitting hostile system tracking data. 22505_ Attempting to rewire JS-D20(l). 22506_ JS-D20(l) rewired. 22507_ System corrupted: Matter fused (-7). 22507_ Attempting to rewire LB-D4G(l). 22509_ JS-D20(l) sneak attacks. 22509_ Y-72 Warden Med. Treads severed. 22510_ Attempting to rewire LB-D4G(l). 22514_ JS-D20(l) destroyed. Map ----- +----------------------------------------------------+ | ?????????????????????????????????????????????????? | | ?????????????????????????????????????????????????? | | ?????????????????????????????????????????????????? | | ?????????????????????????????????????????????????? | | ?????????????????????????????????????????????????? | | ?????????????????????????????????????????????????? | | ?????????????????????????????????????????????????? | | ?????????????????????????????????????????????????? | | ?????????????????????????????????????????????????? | | ??????????????????????????s??????????????????????? | | ??????????????????????????s??????????????????????? | | ????????????????????????????s????????????????????? | | ????????????????????????????????????g????????????? | | ????????????????????????????????gg???????????????? | | ?????????????????????????????????????????????????? | | ?????????????????????????????????????????????????? | | ??????????????????????????????????g??????????????? | | ??????????????????????????????????g??????????????? | | ?????????????????????????????????????????????????? | | ?????????????????????????????????????????????????? | | ?????????????????????????????????????????????????? | | ?????????????????????????????????????????????????? | | ?????????????????????????????????????????????????? | | ???????????????????????#######???????????????????? | | ???????????????????????#l #???????????????????? | | ???????????????????????# @ / #???????????????????? | | ???????????????????????####=Y##??????????g???????? | | ??????????????????????## YT#??????h???????????? | | ??????????????????????# ##??????????????????? | | ??????????????????????# #???????????????????? | | ??????????????????????## #???????????????????? | | ???????????????????????### ###???????????????????? | | ?????????????????????##### #######h## #?????????? | | ?????????????????????# Y #?????????? | | ?????????????????????# #?????????? | | ?????????????????????# Y###############??????????? | | ?????????????????????# #????????????????????????? | | ?????????????????????# #????????????????????????? | | ?????????????????????# #????????????????????????? | | ?????????????????????# #????????????????????????? | | ?????????????????????# #????????????????????????? | | ????????????########## #????????????????????????? | | ????????????# #????????????????????????? | | ????????????# #????????????????????????? | | ????????????# ##########????????????????????????? | | ????????????# #?????????????????????????????????? | | ????????????# #?????????????????????????????????? | | ???????####?# #?????????????????????????????????? | | ???????# ??# #?????????????????????????????????? | | ???????# #??# #?????????????????????????????????? | +----------------------------------------------------+ Best States ------------- Heat Dissipation 92 Energy Generation 35 Energy Capacity 550 Matter Stores 300 Matter Capacity 300 Sight Range 20 Terrain Scan Range 16 Terrain Scan Density 110 Jamming Range 12 Additional Mass Support 9 Corruption Containment 8 Armor Coverage 1600 Resistance: KI 25 Resistance: TH 25 Resistance: EM 25 Weapon Cycling 15 Melee Speed Boost 20 Evasion (%) 70 Targeting Accuracy 8 Melee Accuracy 8 Target Analysis 8 Core Analysis 6 Recoil Reduction 6 Energy Filtering 30 Particle Charging 20 Kinecelleration 30 Offensive Hacking 30 Defensive Hacking 16 Relay Coupler Types 2 Relay Coupler Value 41 Item Schematics ----------------- Signal Interpreter | -10/Materials | Hacked Adv. Weight Redist. System | -8/Materials | Scanalyzed Angular Momentum Engine | -7/Factory | Hacked Remote Datajack | -6/Factory | Scanalyzed Carbon-fiber Leg | -6/Factory | Scanalyzed Flexi-carbon Leg | -6/Factory | Scanalyzed Arm. Leg | -6/Factory | Scanalyzed Robot Schematics ------------------ None Fabricated ------------ Angular Momentum Engine | x2 | -6/Factory Repaired ---------- Lgt. Treads | 11% | -10/Materials Imp. Carbon-fiber Leg | 63% | -7/Factory Imp. Medium Armor Plating | 27% | -6/Factory Lgt. Treads | 59% | -6/Factory Studied --------- Imp. Carbon-fiber Leg | -7/Factory | Hacked Carbon-fiber Leg | -7/Factory | Hacked Hvy. Treads | -6/Factory | Hacked Hvy. Plasma Cannon | -6/Factory | Hacked Arm. Leg | -6/Factory | Hacked Flexi-carbon Leg | -6/Factory | Hacked Imp. Remote Datajack | -5/Factory | Hacked Alien Tech Used ----------------- None Achievements -------------- We Love MA Challenges ------------ None Game ------ Seed RecyclingHeartDiverter Manual? 0 Play Time 07:05:18 Cumulative 311.5 hours Start 2026.01.17 @ 12:30:33 End 2026.01.18 @ 23:02:15 Sessions 5 Manual Loads 0 Difficulty Rogue Special Mode None Game No. 96 Rogue 96 Adventurer 0 Explorer 0 Win Type - Total 2 Types 2/0/0/0/0/0/0/0/0/0 Lore% 60 Gallery% 65 Achievement% 47 Wizard Run 0 Options --------- Layout 0 ASCII 0 Keyboard 0 Movement Mouse Keybinds 1 Fullscreen 2 Font 18/X11 Map View 76x50 Zoom Use 0% Tactical HUD 1 Map Filters NONE Filters NONE Steam 1 RUN: 659971ae-d1dc-4f14-b56e-edee224ff629